 Dungeon Crawl Stone Soup version 0.28-a0-1182-g381e24db82 (webtiles) character file.

Game seed: 16317607537961647389

472 enile the Sneak (level 7, -1/47 HPs)
             Began as an Octopode Brigand on Dec 16, 2021.
             Slain by an orc wizard (6 damage)
             ... on level 3 of the Dungeon.
             The game lasted 00:11:02 (4604 turns).

enile the Sneak (Octopode Brigand)                  Turns: 4604, Time: 00:11:02

Health: -1/47      AC:  1    Str: 12    XL:     7   Next: 9%
Magic:  10/10      EV: 13    Int: 14    God:
Gold:   164        SH:  0    Dex: 13    Spells: 9/10 levels left

rFire   . . .      SeeInvis .   r - +2 dagger (vamp)
rCold   . . .      Faith    .   (no shield)
rNeg    . . .      Spirit   .   (helmet restricted)
rPois   .          Reflect  .   (no amulet)
rElec   .          Harm     .   (no ring)
rCorr   .          Rampage  .   (no ring)
Will    .....                   (no ring)
Stlth   ++++......              (no ring)
HPRegen 0.15/turn               (no ring)
MPRegen 0.12/turn               (no ring)
                                (no ring)
                                (no ring)

@: no status effects
A: almost no armour, amphibious, 8 rings, camouflage 1, gelatinous body 1,
(nimble swimmer 1), tentacles
a: no special abilities


You were on level 3 of the Dungeon.
You visited 1 branch of the dungeon, and saw 4 of its levels.

You collected 164 gold pieces.

Inventory:

Hand Weapons
 a - a +2 dagger
 l - a +1 dagger of protection
 r - a +2 vampiric dagger (weapon)
Missiles
 b - 15 poisoned darts (quivered)
 c - 26 stones
Armour
 m - a +0 robe of cold resistance
Jewellery
 p - a ring of resist corrosion
Wands
 t - a wand of flame (19)
Scrolls
 d - 2 scrolls of fog {unknown}
 k - 2 scrolls of identify {unknown}
 n - a scroll of fear {unknown}
 s - a scroll of holy word {unknown}
Potions
 f - a potion of heal wounds {unknown}
 g - 3 potions of haste
 h - a potion of might {unknown}
 i - a potion of curing
 q - a potion of degeneration {unknown}


   Skills:
 + Level 3.8 Fighting
 - Level 3.0 Short Blades
 - Level 3.0 Throwing
 - Level 3.0 Dodging
 - Level 6.0 Stealth
 - Level 2.0 Spellcasting
 - Level 3.0 Summonings


You had 9 spell levels left.
You knew the following spells:

 Your Spells              Type           Power      Damage    Failure   Level
a - Summon Small Mammal   Summ           36%        N/A       7%          1

Your spell library contained the following spells:

 Spells                   Type           Power      Damage    Failure   Level
 Animate Skeleton         Necr           2%         N/A       24%         1
 Apportation              Tloc           2%         N/A       24%         1


Dungeon Overview and Level Annotations

Branches:
Dungeon (4/15)
 Temple: D:4-7

Altars:
Elyvilon
Gozag
Ru


Innate Abilities, Weirdness & Mutations

You cannot wear most types of armour.
You are amphibious.
You can wear up to eight rings at the same time.
Your skin changes colour to match your surroundings (Stealth+).
Your rubbery body absorbs attacks. (AC +1, EV +1)
((You are camouflaged near water. (Stealth+)))
You have tentacles for arms and can constrict up to eight enemies at once.


Message History

Press: ? - help, Q - select action, (/) - cycle Shift-Dir - straight line, f - orc wizard
Aim: an orc wizard, wielding a +0 short sword and wearing a +0 robe (wandering, hasn't noticed you, 51% to hit)
You throw a poisoned dart. The poisoned dart hits the orc wizard.
The orc wizard is poisoned.
The orc wizard shouts!
The orc wizard mumbles some strange words.
The orc wizard flickers and vanishes!
Deactivating autopickup; reactivate with Ctrl-A.
A puff of flame appears from out of thin air!
The puff of flame hits you!
Throw: 16 darts (poison)
Press: ? - help, Q - select action, (/) - cycle Shift-Dir - straight line You throw a poisoned dart.
Unknown command.
A puff of flame appears from out of thin air!
The puff of flame misses you.
You hear some strange, mumbled words.
You are confused.
You bump into the rock wall.
You're too confused to move!
You hear some strange, mumbled words.
A puff of flame appears from out of thin air!
The puff of flame hits you!
You closely miss something. Something barely misses you.
You're too confused to move!
Something hits you.
You bump into the rock wall.
Something hits you.
You bump into the rock wall.
Something hits you.
You miss something. Your squeeze misses something.
You feel less confused. Something hits you.
You hit something but do no damage. You hit something.
You feel better. Something hits you.
* * * LOW HITPOINT WARNING * * *
You miss something. Your squeeze misses something. Something hits you.
* * * LOW HITPOINT WARNING * * *
Sorry, you're not good enough to have a special ability.
It was a potion of cancellation.
You feel magically purged. Something hits you.
* * * LOW HITPOINT WARNING * * *
You barely miss something. You squeeze something. Something hits you.
You die...

##########.###..(......).....# #
...........# #.........#.....# #
#.##.##########.......##.....# #
#............................# ##
#.##.############.....##.....###.
#.#.........# #####o##.....#...
#.#..######.# #.######...##
#.#..# #.#########.######...#.
..#..# #.....@{...(...........
#)...# ##########...#####..#.#
#...## #.....#........#.. #...#
###.###...####...#.< #...#
##...####.## #...#.. #...#
##.....###.# #.#.##.
#...########...>......# #.#..##
#..................#### #.##...
#.#.########.......# #.###..


There were no monsters in sight!

Vanquished Creatures
  Sigmund (D:3)
  A scorpion (D:4)
  Jessica (D:2)
  Natasha (thrice) (D:2)
  3 adders
  4 gnolls (D:3)
  An adder skeleton (D:4)
  2 worms
  2 dart slugs
  5 orcs
  5 bats
  4 endoplasms
  3 giant cockroaches
  4 goblins
  2 hobgoblins (D:2)
  5 jackals
  5 quokkas
  4 ball pythons
  3 frilled lizards
  6 kobolds
  A quokka skeleton (D:3)
  9 rats
74 creatures vanquished.

Vanquished Creatures (collateral kills)
  An endoplasm (D:1)
  A rat (D:2)
2 creatures vanquished.

Vanquished Creatures (others)
  A fungus (D:3)
1 creature vanquished.

Grand Total: 77 creatures vanquished

Notes
Turn   | Place    | Note
-------+----------+-------------------------------------------
     0 | D:1      | enile the Octopode Brigand began the quest for the Orb.
     0 | D:1      | Reached XP level 1. HP: 14/14 MP: 1/1
    89 | D:1      | Reached XP level 2. HP: 4/20 MP: 2/2
   761 | D:1      | Learned a level 1 spell: Summon Small Mammal
  1061 | D:1      | Reached XP level 3. HP: 26/26 MP: 3/3
  1419 | D:2      | Noticed Natasha
  1427 | D:2      | Killed Natasha
  1428 | D:2      | Reached skill level 1 in Spellcasting
  1428 | D:2      | Reached skill level 1 in Summonings
  1558 | D:2      | Noticed Jessica
  1560 | D:2      | Killed Jessica
  1561 | D:2      | Reached XP level 4. HP: 31/31 MP: 5/5
  1852 | D:2      | Reached skill level 6 in Stealth
  2308 | D:2      | Noticed Natasha
  2323 | D:2      | Killed Natasha
  2324 | D:2      | Reached XP level 5. HP: 36/36 MP: 2/6
  2408 | D:2      | Noticed Natasha
  2423 | D:2      | Killed Natasha
  2593 | D:3      | Found a faded altar of an unknown god.
  2770 | D:3      | Found a white marble altar of Elyvilon.
  2782 | D:3      | Noticed Sigmund
  2793 | D:3      | Killed Sigmund
  2794 | D:3      | Reached XP level 6. HP: 18/42 MP: 6/8
  3309 | D:3      | Found an opulent altar of Gozag.
  3898 | D:4      | Found a sacrificial altar of Ru.
  3903 | D:4      | Reached XP level 7. HP: 47/47 MP: 10/10
  4604 | D:3      | Slain by an orc wizard

Illustrated notes

Levels and vault maps discovered:
D:1:      nzn_arrival_settlement, layout_basic
D:2:      minmay_skewed_foursquare, layout_loops_ring, kennysheep_minor_cross,
          uniq_jessica, uniq_natasha
D:3:      layout_loops_ring, elyvilon_altar_1, nicolae_gozag_seed_capital,
          nicolae_ecumenical_pavilion, minmay_crystal_room,
          kennysheep_nondescript, uniq_sigmund
D:4:      layout_layer_cave, minitemple, mainiacjoe_overflow_brackets

Skill      XL: |  1  2  3  4  5  6 |
---------------+-------------------+-----
Fighting       | 3 |  3.8
Dodging        | 2 3 |  3.0
Spellcasting   | 1 2 |  2.0
Summonings     | 2 3 |  3.0
Stealth        | 6 |  6.0
Short Blades   | 3 |  3.0
Throwing       | 3 |  3.0

Action                   |  1- 3 |  4- 6 |  7- 9 || total
-------------------------+-------+-------+-------++-------
Melee: Dagger            |    41 |    92 |    18 ||   151
       Constrict         |     6 |    23 |     4 ||    33
       Tentacles         |     6 |    19 |     3 ||    28
Throw: Dart              |     5 |     8 |     7 ||    20
 Cast: Summon Small Mamm |     7 |    22 |       ||    29
  Use: Potion            |       |       |     5 ||     5
       Scroll            |       |       |     2 ||     2
 Stab: Sleeping          |     8 |    16 |       ||    24
Armor: Skin              |     3 |     6 |       ||     9
Dodge: Dodged            |    17 |    35 |    12 ||    64

Table legend: (Time is in decaauts)
 A = Elapsed time spent in this place.
 B = Non-inter-level travel time spent in this place.
 C = Inter-level travel time spent in this place.
 D = Time resting spent in this place.
 E = Time spent auto-exploring this place.
 F = Levels seen in this place.
 G = Mean time per level.
                   A        B        C        D        E       F      G
               +--------+--------+--------+--------+--------+-----+--------+
         Total |   4570 |   4403 |    167 |    551 |   3156 |   4 | 1142.5 |
       Dungeon |   4570 |   4403 |    167 |    551 |   3156 |   4 | 1142.5 |
               +--------+--------+--------+--------+--------+-----+--------+

Top non-repeatable levels by time:
     D:3: 1856 daAuts
     D:1: 1415 daAuts
     D:2: 1169 daAuts
     D:4: 129 daAuts
